 Dungeon Crawl Stone Soup version 0.29.1-12-g30fa7ad0bf (webtiles) character file.

Game seed: 4199115803102840998

25 wormed the Trooper (level 2, 0/24 HPs)
             Began as a Demonspawn Fighter on Dec 21, 2022.
             Frozen to death by an endoplasm (5 damage)
             ... on level 2 of the Dungeon.
             The game lasted 00:01:35 (1053 turns).

wormed the Trooper (Demonspawn Fighter)             Turns: 1053, Time: 00:01:35

Health: 0/24       AC:  6    Str: 16    XL:     2   Next: 86%
Magic:  2/2        EV:  8    Int:  9    God:
Gold:   29         SH:  4    Dex: 12    Spells: 1/1 levels left

rFire   . . .      SeeInvis .   a - +0 flail
rCold   . . .      Faith    .   c - +0 buckler
rNeg    + . .      Spirit   .   b - +0 scale mail
rPois   .          Reflect  .   (no helmet)
rElec   .          Harm     .   (no cloak)
rCorr   .          Rampage  .   (no gloves)
Will    .....                   (no boots)
Stlth   ..........              (no amulet)
HPRegen 0.08/turn               e - ring of positive energy
MPRegen 0.08/turn               (no ring)

@: no status effects
A: demonic touch 1
a: no special abilities


You were on level 2 of the Dungeon.
You visited 1 branch of the dungeon, and saw 2 of its levels.

You collected 29 gold pieces.

Inventory:

Hand Weapons
 a - a +0 flail (weapon)
Armour
 b - a +0 scale mail (worn)
 c - a +0 buckler (worn)
Jewellery
 e - a ring of positive energy (left hand)
 l - a +6 ring of intelligence
Scrolls
 g - a scroll of fear {unknown}
 h - 2 scrolls of identify {unknown}
 i - a scroll of amnesia {unknown}
 k - a scroll of blinking {unknown}
Potions
 d - a potion of might
 f - a potion of heal wounds {unknown}
 j - a potion of haste {unknown}
 m - a potion of attraction {unknown}
 n - a potion of invisibility {unknown}


   Skills:
 + Level 3.2 Fighting
 * Level 2.3 Maces & Flails
 + Level 2.9 Armour
 + Level 2.9 Shields


You had one spell level left.
You didn't know any spells.
Your spell library was empty.

Dungeon Overview and Level Annotations

Branches:
Dungeon (2/15)

Altars:


Innate Abilities, Weirdness & Mutations

Your touch may inflict minor irresistible damage on your foes.


Message History

You are too injured to fight recklessly!
You are too injured to fight recklessly!
You are too injured to fight recklessly!
You are too injured to fight recklessly!
You are too injured to fight recklessly!
You are too injured to fight recklessly!
You are too injured to fight recklessly!
You are too injured to fight recklessly!
You are too injured to fight recklessly!
You are too injured to fight recklessly!
You are too injured to fight recklessly!
You are too injured to fight recklessly!
You barely miss the jackal. You block the jackal's attack.
The jackal barely misses you. The endoplasm freezes you.
You are frozen.
* * * LOW HITPOINT WARNING * * *
The jackal bites you but does no damage.
The jackal closely misses you. The endoplasm freezes you.
You are frozen.
* * * LOW HITPOINT WARNING * * *
The jackal bites you but does no damage. x2
You block the endoplasm's attack. The endoplasm attacks as you move away!
The endoplasm hits you but does no damage.
Found a stone staircase leading down.
The endoplasm attacks as you move away! The endoplasm barely misses you.
The jackal attacks as you move away! The jackal closely misses you.
Found a sling.
The jackal bites you but does no damage.
The jackal barely misses you. The jackal attacks as you move away!
The jackal bites you but does no damage.
Found a stone staircase leading down.
The jackal bites you.
* * * LOW HITPOINT WARNING * * *
The endoplasm freezes you.
You are frozen.
You die...

.>#########.##
#....#.....†.#
.##....#.......#
.......#..?....#
..#....#.......#
.......#.......#
##....#.......#
#.)...hJh.[...#
#.....@.......#
#.###.....#####
##...## ....>#
#######


You could see an endoplasm and 2 jackals.

Vanquished Creatures
  A dart slug (D:1)
  2 ball pythons (D:1)
  6 bats (D:1)
  2 endoplasms (D:1)
  2 goblins (D:1)
  3 hobgoblins (D:1)
  A jackal (D:2)
  A frilled lizard (D:1)
  2 kobolds (D:1)
20 creatures vanquished.

Notes
Turn   | Place    | Note
-------+----------+-------------------------------------------
     0 | D:1      | wormed the Demonspawn Fighter began the quest for the Orb.
     0 | D:1      | Reached XP level 1. HP: 18/18 MP: 1/1
    86 | D:1      | Gained mutation: Your touch may inflict minor irresistible
                  | damage on your foes. [demonic ancestry]
    86 | D:1      | Reached XP level 2. HP: 15/24 MP: 2/2
  1053 | D:2      | Frozen to death by an endoplasm

Illustrated notes

Levels and vault maps discovered:
D:1:      lightli_arrival_maybe_door_vault, layout_basic, minmay_tripent
D:2:      layout_basic, serial_shops, shop, hellmonk_ecumenical_altar_crossroads

Skill      XL: |  1 |
---------------+----+-----
Maces & Flails | 2 |  2.3
Fighting       | |  3.2
Armour         | |  2.9
Shields        | |  2.9

Action                   || total
-------------------------++-------
Melee: Flail             ||    63
Armor: Scale mail        ||    42
Dodge: Dodged            ||    29
Block: Buckler           ||    19
